 Dungeon Crawl Stone Soup version 0.23.0-3-gf3c87f2 (webtiles) character file.

Game seed: 13409008491878636947

35 Jaiteiro the Shield-Bearer (level 3, -1/36 HPs)
             Began as a Troll Fighter on Feb 24, 2019.
             Slain by a worker ant (6 damage)
             ... on level 1 of the Dungeon.
             The game lasted 00:04:03 (613 turns).

Jaiteiro the Shield-Bearer (Troll Fighter)           Turns: 613, Time: 00:04:04

Health: -1/36      AC:  6    Str: 24    XL:     3   Next: 17%
Magic:  2/2        EV:  8    Int:  4    God:
Gold:   28         SH:  9    Dex: 10    Spells: 2/2 levels left

rFire    . . .     SeeInvis .   a - +0 flail
rCold    . . .     Gourm    +   c - +0 shield
rNeg     . . .     Faith    .   b - +0 robe
rPois    .         Spirit   .   (helmet restricted)
rElec    .         Reflect  .   (no cloak)
rCorr    .         Harm     .   (gloves unavailable)
MR       .....                  (boots unavailable)
Stlth    +.........             (no amulet)
HPRegen  0.52/turn              (no ring)
MPRegen  0.08/turn              (no ring)

@: no status effects
A: large, unfitting armour, claws 3, fast metabolism 3, gourmand, regeneration
1, shaggy fur 1, tough skin 3
a: no special abilities


You were on level 1 of the Dungeon.
You were very full.

You visited 1 branch of the dungeon, and saw 3 of its levels.

You collected 28 gold pieces.

Inventory:

Hand Weapons
 a - a +0 flail (weapon)
Missiles
 g - 18 stones (quivered)
 m - a throwing net
 n - 6 large rocks
Armour
 b - a +0 robe (worn)
 c - a +0 shield (worn)
Scrolls
 h - a scroll of magic mapping {unknown}
 j - a scroll of fog {unknown}
 k - a scroll of identify {unknown}
 l - a scroll of teleportation {unknown}
 o - a scroll of remove curse {unknown}
Potions
 d - a potion of might
 e - a potion of agility {unknown}
Comestibles
 f - 3 rations


   Skills:
 - Level 2.6 Fighting
 + Level 2.2 Maces & Flails
 - Level 2.6 Dodging
 + Level 2.9 Shields


You had 2 spell levels left.
You didn't know any spells.
Your spell library was empty.

Dungeon Overview and Level Annotations

Branches:
Dungeon (3/15)

Altars:

Annotations:
D:2 Robin, Sigmund, Terence


Innate Abilities, Weirdness & Mutations

You are too large for most types of armour.
You have claws for hands.
Your metabolism is lightning-fast.
You like to eat raw meat.
Your natural rate of healing is unusually fast.
You are covered in fur. (AC +1)
You have extremely tough skin. (AC +3)


Message History

You hit the orc.
The orc is almost dead.
The worker ant barely misses you. You block the giant cockroach's attack.
The worker ant barely misses you. The orc barely misses you.
The giant cockroach bites you.
* * * LOW HITPOINT WARNING * * *
You sock the orc!
You kill the orc!
The giant cockroach closely misses you.
The worker ant bites you but does no damage.
The worker ant bites you.
* * * LOW HITPOINT WARNING * * *
The giant cockroach barely misses you. The worker ant barely misses you.
You see here a +0 leather armour.
The worker ant waves its antennae.
Unknown command.
You closely miss the worker ant. The worker ant bites you.
* * * LOW HITPOINT WARNING * * *
You completely miss the worker ant. The worker ant bites you.
You die...

###.### #.# #.....#### #.# ###
#.#.#..... #.# ..#
######.#.#..... #[# #.#
#.............. #.# # #.#
#.##...#...###. #.# #.#.#
#..........###.
###.#########.#.######...........
................@as..#.......#.##
..######.######.##.#.#.......#.#
..# #.# #.##.#.........#.#
..######'### #.##.#.....#...#.##
..#........# #..)...........#...
###........# #.##.#............#
.
#....รท...####.##.###.####......
.##.............##)###......###.#
.##........#.........#.###### #.#


You could see a worker ant and a giant cockroach.

Vanquished Creatures
  2 oozes (D:1)
  A leopard gecko (D:1)
  An orc (D:1)
  A giant cockroach (D:1)
  2 goblins
  2 hobgoblins (D:1)
  4 jackals (D:1)
  2 kobolds
  2 bats (D:1)
  A frilled lizard (D:1)
  6 rats (D:1)
24 creatures vanquished.

Notes
Turn   | Place    | Note
-------+----------+-------------------------------------------
     0 | D:1      | Jaiteiro the Troll Fighter began the quest for the Orb.
     0 | D:1      | Reached XP level 1. HP: 22/22 MP: 0/0
   166 | D:1      | Reached XP level 2. HP: 29/29 MP: 1/1
   389 | D:1      | Reached XP level 3. HP: 36/36 MP: 2/2
   529 | D:1      | You fall through a shaft!
   530 | D:2      | Noticed Sigmund
   546 | D:2      | Noticed Terence
   561 | D:2      | Noticed Robin
   613 | D:1      | Slain by a worker ant

Skill      XL: |  1  2 |
---------------+-------+-----
Maces & Flails | 2 |  2.2
Fighting       | |  2.6
Dodging        | |  2.6
Shields        | |  2.9

Action                   || total
-------------------------++-------
Melee: Flail             ||    88
Throw: Stone             ||    17
 Stab: Sleeping          ||     2
  Eat: Chunk             ||    11
Armor: Robe              ||    46
Dodge: Dodged            ||    64
Block: Shield            ||    70
